 Dungeon Crawl Stone Soup version 0.29.0-15-g675c0067aa (webtiles) character file.

Game seed: 14381276717272762126

163 pacmanke6689 the Covered (level 5, 0/41 HPs)
             Began as a Demonspawn Fighter on Sept 11, 2022.
             Slain by a kobold
             ... wielding a +0 dagger
              (1 damage)
             ... on level 4 of the Dungeon.
             The game lasted 00:07:30 (3454 turns).

pacmanke6689 the Covered (Demonspawn Fighter)       Turns: 3454, Time: 00:07:31

Health: 0/41       AC:  7    Str: 16    XL:     5   Next: 20%
Magic:  5/5        EV:  9    Int: 10    God:
Gold:   168        SH:  5    Dex: 14    Spells: 4/4 levels left

rFire   . . .      SeeInvis .   a - +3 long sword
rCold   . . .      Faith    .   c - +0 buckler
rNeg    . . .      Spirit   .   b - +0 scale mail
rPois   .          Reflect  .   f - +1 hat
rElec   .          Harm     .   (no cloak)
rCorr   .          Rampage  .   (no gloves)
Will    .....                   (no boots)
Stlth   ..........              (no amulet)
HPRegen 0.13/turn               (no ring)
MPRegen 0.09/turn               (no ring)

@: no status effects
A: antennae 1, demonic guardian 1, demonic magic 1
a: no special abilities


You were on level 4 of the Dungeon.
You visited 1 branch of the dungeon, and saw 4 of its levels.

You collected 168 gold pieces.

Inventory:

Hand Weapons
 a - a +3 long sword (weapon)
Armour
 b - a +0 scale mail (worn)
 c - a +0 buckler (worn)
 f - a +1 hat (worn)
Jewellery
 e - a ring of willpower
 h - a ring of protection from fire
Scrolls
 g - a scroll of fear
 j - a scroll of amnesia


   Skills:
 + Level 3.4 Fighting
 + Level 3.4 Long Blades
 + Level 3.5 Armour
 + Level 1.2 Dodging
 + Level 3.1 Shields


You had 4 spell levels left.
You didn't know any spells.
Your spell library contained the following spells:

 Spells                   Type           Power      Damage    Failure   Level
 Necrotise                Necr           0%         1d4       87%         1
 Vampiric Draining        Necr           0%         2d6       99%         3
 Agony                    Necr           0%         N/A       100%        5


Dungeon Overview and Level Annotations

Branches:
Dungeon (4/15)
 Temple: D:4-7

Altars:

Shops:
D:3 *


Innate Abilities, Weirdness & Mutations

You have a pair of small antennae on your head.
A weak demonic guardian rushes to your aid.
Spells you cast may paralyse adjacent enemies.


Message History

Your quasit barely misses the kobold brigand.
Your quasit claws the kobold brigand.
Your quasit bites the kobold brigand.
Your quasit misses the kobold brigand.
Your quasit closely misses the kobold brigand.
The kobold brigand throws a poisoned dart.
The poisoned dart closely misses your quasit.
The poisoned dart hits you.
You are poisoned.
You feel sick.
Your quasit closely misses the kobold brigand.
Your quasit claws the kobold brigand but does no damage.
Your quasit claws the kobold brigand.
The kobold brigand closely misses your quasit.
Unknown command.
You feel sick.
Your quasit closely misses the kobold brigand.
Your quasit claws the kobold brigand but does no damage.
Your quasit barely misses the kobold brigand.
The kobold brigand closely misses your quasit.
Your quasit barely misses the kobold brigand.
Your quasit claws the kobold brigand but does no damage. x2
You hit the kobold.
You kill the kobold!
You feel sick.
Your quasit completely misses the kobold brigand.
Your quasit claws the kobold brigand but does no damage. x2
The kobold brigand closely misses your quasit.
You barely miss the kobold.
You feel sick.
Your quasit bites the kobold brigand but does no damage.
Your quasit claws the kobold brigand but does no damage.
Your quasit misses the kobold brigand.
The kobold brigand barely misses your quasit.
Your quasit barely misses the kobold brigand.
Your quasit misses the kobold brigand.
Your quasit claws the kobold brigand.
You closely miss the kobold.
You feel sick.
You are no longer poisoned.
The kobold hits you with a +0 short sword.
* * * LOW HITPOINT WARNING * * *
The kobold brigand misses your quasit. The kobold hits you with a +0 dagger.
You die...

. ...... .#....
#####.##...
...........
.†.........#####
........##....P##
.......## #.....♣#
.......####.)..)@♣♣##
........##..))#.KK♣.##
..............#P♣♣)5P#
>.............###.♣KK♣
...........[.## ##.♣K♣
...............P ##


K.K .........>.....♣ ♣KK.. ............#.## #..... ...........##..# .♣..† You
could see a kobold brigand (distracted, ally target), 8 kobolds and a friendly
quasit (summoned).

Vanquished Creatures
  A scorpion (D:4)
  2 adders (D:2)
  2 dart slugs
  2 worms
  3 endoplasms
  3 giant cockroaches
  2 goblins (D:2)
  8 hobgoblins
  9 jackals
  5 quokkas
  6 ball pythons
  7 bats
  3 frilled lizards
  12 kobolds
  5 rats
70 creatures vanquished.

Vanquished Creatures (others)
  32 plants (D:4)
32 creatures vanquished.

Grand Total: 102 creatures vanquished

Notes
Turn   | Place    | Note
-------+----------+-------------------------------------------
     0 | D:1      | pacmanke6689 the Demonspawn Fighter began the quest for the
                  | Orb.
     0 | D:1      | Reached XP level 1. HP: 18/18 MP: 1/1
   331 | D:1      | Gained mutation: You have a pair of small antennae on your
                  | head. [demonic ancestry]
   331 | D:1      | Reached XP level 2. HP: 14/24 MP: 2/2
  1474 | D:2      | Reached XP level 3. HP: 25/29 MP: 3/3
  2061 | D:2      | Gained mutation: A weak demonic guardian rushes to your
                  | aid. [demonic ancestry]
  2061 | D:2      | Reached XP level 4. HP: 35/35 MP: 4/4
  2375 | D:3      | Found Sevvaro's General Store.
  3294 | D:4      | Noticed a scorpion
  3298 | D:4      | Killed a scorpion
  3299 | D:4      | Reached skill level 1 in Dodging
  3299 | D:4      | Gained mutation: Spells you cast may paralyse adjacent
                  | enemies. [demonic ancestry]
  3299 | D:4      | Reached XP level 5. HP: 41/41 MP: 5/5
  3454 | D:4      | HP: 1/41 [kobold/+0 short sword (2)]
  3454 | D:4      | Slain by a kobold

Illustrated notes

Levels and vault maps discovered:
D:1:      lemuel_arrival_room, layout_loops_ring, nicolae_eternal_life
D:2:      layout_rooms
D:3:      layout_basic, serial_shops, shop
D:4:      kennysheep_kobold_camp, layout_cave_pools, nicolae_uskayaw_dance_hall,
          nicolae_overflows_in_rows, minmay_temple_entry_trees, serial_shops,
          nicolae_stop_n_shop_1

Skill      XL: |  1  2  3  4 |
---------------+-------------+-----
Long Blades    | 2 3 |  3.4
Armour         | 3 |  3.5
Shields        | 3 |  3.1
Dodging        | 1 |  1.2
Fighting       | |  3.4

Action                   |  1- 3 |  4- 6 || total
-------------------------+-------+-------++-------
Melee: Long sword        |   151 |    83 ||   234
  Use: Scroll            |     7 |     4 ||    11
       Potion            |       |     3 ||     3
Armor: Scale mail        |   120 |    36 ||   156
Dodge: Dodged            |   123 |    51 ||   174
Block: Buckler           |    58 |    20 ||    78
